 Dungeon Crawl Stone Soup version 0.18.1-5-g4a78601 (webtiles) character file.

110 epen the Distorting Demonspawn (level 4, -3/35 HPs)
             Began as a Demonspawn Abyssal Knight on May 12, 2016.
             Was a Believer of Lugonu.
             Slain by an orc
             ... wielding a +0 flail
              (6 damage)
             ... on level 3 of the Dungeon.
             The game lasted 00:05:13 (2349 turns).

epen the Distorting Demonspawn (DsAK)               Turns: 2349, Time: 00:05:14

Health: -3/35      AC:  5    Str: 13    XL:     4   Next: 61%
Magic:  6/6        EV: 10    Int: 14    God:    Lugonu [**....]
Gold:   115        SH:  0    Dex: 12    Spells: 0 memorised, 3 levels left

rFire  x . .     SeeInvis .     a - +1 falchion
rCold  + . .     Gourm    .     f - +0 ring mail
rNeg   . . .     Faith    .     (no shield)
rPois  .         Spirit   .     (no helmet)
rElec  .         Dismiss  .     (no cloak)
rCorr  .         Reflect  .     (no gloves)
SustAt .         Harm     .     (no boots)
MR     .....                    (no amulet)
Stlth  +.........               (no ring)
                                r - ring of ice (curse)

@: not resistant to hostile enchantments, very unstealthy
A: talons 1
a: Depart the Abyss, Bend Space, Renounce Religion


You were on level 3 of the Dungeon.
You worshipped Lugonu.
Lugonu was pleased with you.
You were very hungry.

You visited 1 branch of the dungeon, and saw 3 of its levels.
You visited the Abyss 1 time.

You collected 115 gold pieces.

Inventory:

Hand Weapons
 a - a +1 falchion (weapon)
Armour
 b - a +0 leather armour
 f - a +0 ring mail (worn)
 w - a +0 pair of boots
Jewellery
 r - a cursed ring of ice (left hand)
Scrolls
 d - 2 scrolls of identify {unknown}
 g - 2 scrolls of recharging {unknown}
 k - a scroll of noise {unknown}
 m - a scroll of enchant weapon {unknown}
 n - 2 scrolls of remove curse {unknown}
 o - a scroll of magic mapping {unknown}
 s - a scroll of amnesia {unknown}
 t - a scroll of teleportation {unknown}
 u - 2 scrolls of fog {unknown}
Potions
 e - a potion of lignification {unknown}
 h - a potion of haste {unknown}
 i - a potion of brilliance {unknown}
 j - a potion of heal wounds {unknown}
 l - a potion of flight {unknown}
 p - a potion of curing {unknown}
Comestibles
 c - 3 bread rations
 q - a meat ration


   Skills:
 + Level 3.3 Fighting
 * Level 2.8 Long Blades
 + Level 2.3 Armour
 + Level 1.6 Dodging
 * Level 3.8 Invocations


You had 3 spell levels left.
You didn't know any spells.

Dungeon Overview and Level Annotations

Branches:
Dungeon (3/15)

Altars:
Qazlal


Innate Abilities, Weirdness & Mutations

You have sharp toenails.


Message History

The orc hits you with a short sword.
* * * LOW HITPOINT WARNING * * *
You barely miss the orc. You claw the orc.
The orc is almost dead.
The orc hits you but does no damage.
You slash the orc!
You kill the orc!
Lugonu accepts your kill.
The orc throws a stone.
The stone hits you.
* * * LOW HITPOINT WARNING * * *
The orc throws a stone.
The stone barely misses you. The orc hits you but does no damage.
Items here: ))))) [ †† Unknown command.
You are too injured to fight recklessly!
You closely miss the orc. Your kick misses the orc. The orc barely misses you.
You barely miss the orc. The orc hits you with a flail.
* * * LOW HITPOINT WARNING * * *
The orc hits you with a flail.
You die...

###### #()o.#
####@.# #
#####..(..#.#
...#....=..#.
#.#.##.......
#........##.#
#.#o##........
######.#.##.#.##.
. #....)$<....#.#
.
...(...##......#


You could see an orc.

Vanquished Creatures
  2 adders (D:2)
  An ooze (D:1)
  3 worms (D:2)
  2 dart slugs
  3 giant geckos
  7 orcs (D:3)
  3 ball pythons (D:2)
  2 giant cockroaches
  8 goblins
  6 hobgoblins
  6 jackals (D:1)
  4 bats
  2 giant newts
  6 kobolds
  8 rats
63 creatures vanquished.

Notes
Turn   | Place    | Note
--------------------------------------------------------------
     0 | Abyss:1  | epen the Demonspawn Abyssal Knight began the quest for the Orb.
     0 | Abyss:1  | Reached XP level 1. HP: 18/18 MP: 2/2
     1 | Abyss:1  | Noticed a neqoxec
     3 | D:1      | Escaped the Abyss
   176 | D:1      | Reached * piety under Lugonu
   367 | D:1      | Gained mutation: You have sharp toenails. [demonic ancestry]
   367 | D:1      | Reached XP level 2. HP: 23/24 MP: 4/4
   422 | D:1      | Reached skill level 1 in Dodging
   771 | D:1      | Reached XP level 3. HP: 29/29 MP: 5/5
   892 | D:1      | Noticed an ogre
  1282 | D:2      | Reached ** piety under Lugonu
  1421 | D:2      | Reached XP level 4. HP: 23/35 MP: 6/6
  1480 | D:2      | Found a stormy altar of Qazlal.
  1482 | D:2      | Found a faded altar to an unknown god.
  2228 | D:2      | Noticed a fire elemental
  2230 | D:2      | Noticed an earth elemental
  2231 | D:2      | Noticed an air elemental
  2231 | D:2      | Noticed a water elemental
  2349 | D:3      | Slain by an orc

Skill      XL: |  1  2 |
---------------+-------+-----
Armour         | 2 |  2.3
Dodging        | 1 |  1.6
Long Blades    | 2 |  2.8
Invocations    | 3 |  3.8
Fighting       | |  3.3

Action                   |  1- 3 |  4- 6 || total
-------------------------+-------+-------++-------
Melee: Falchion          |   139 |   101 ||   240
       Kick              |    27 |    18 ||    45
Invok: Depart the Abyss  |     1 |       ||     1
  Eat: Chunk             |     2 |     2 ||     4
Armor: Ring mail         |    69 |    29 ||    98
       Leather armour    |     1 |       ||     1
Dodge: Dodged            |   106 |    48 ||   154
